[Event "Early-Titled-Tuesday-Blitz-February-27-2024"]
[Site "Chess.com"]
[Date "2024.02.27"]
[Round "3"]
[White "hamelekh"]
[Black "rasmussvane"]
[Result "0-1"]
[WhiteElo "2710"]
[BlackElo "2946"]
[TimeControl "180+1"]
[EndTime "8:27:41 PST"]
[Termination "rasmussvane won by resignation"]

1. d4 Nf6 2. Bg5 d5 3. Bxf6 exf6 4. e3 c6 5. c3 Bd6 6. Bd3 f5 7. Nd2 g6 8. Ngf3 Nd7 9. c4 dxc4 10. Bxc4 Nf6 11.
Qc2 O-O 12. O-O Kg7 13. a3 a5 14. Ba2 Qe7 15. Nc4 Bc7 16. Nce5 Ng4 17. Nd3 Bd6 18. Rac1 Nf6 19. Nfe5 Ng4 20. Nf3 h5 21. Rfd1 Nf6 22.
Nc5 Rb8 23. h3 Ne4 24. Nd2 Nxc5 25. dxc5 Bc7 26. Qc3+ Be5 27. Qc2 f4 28. e4 Bf6 29.
Re1 Be5 30. Nf3 Re8 31. Nxe5 Qxe5 32. Qc3 Qxc3 33. Rxc3 Be6 34. Bxe6 Rxe6 35. Rd3 Re5 36. b4 axb4 37. axb4 Re7 38. Kf1 Ra8 39. f3 Ra4 40.
Rb3 Rd7 41. Reb1 Rd4 42. h4 Kf6 43. Ke2 Ke5 44. R1b2 f5 45. exf5 Kxf5 46. Kf2 Kf6 47. b5 Rac4 48. bxc6 bxc6 49. Rb8 Rxc5 50. R2b7 Rd2+ 51.
Ke1 Rxg2 52. Rf8+ Ke6 53. Kd1 Ra5 0-1

[Event "Early-Titled-Tuesday-Blitz-February-27-2024"]
[Site "Chess.com"]
[Date "2024.02.27"]
[Round "3"]
[White "GelmanAlexander"]
[Black "secrethawk1"]
[Result "0-1"]
[WhiteElo "2727"]
[BlackElo "2510"]
[TimeControl "180+1"]
[EndTime "8:27:41 PST"]
[Termination "secrethawk1 won by resignation"]

1. d4 d5 2. Nc3 Nf6 3. Bf4 c6 4.
f3 Bf5 5. g4 Bg6 6. h4 h5 7. g5 Nfd7 8. e4 dxe4 9. fxe4 e6 10. Nge2 Bb4 11. a3 Bxe4 12. Rh2 Bxc3+ 13. Nxc3 Bg6 14. Qf3 Qe7 15. Qg3 e5 16. dxe5 Nc5 17.
e6 Nxe6 18. Bd6 Qd8 19. O-O-O Nd7 20. Bh3 Qa5 21. Bb4 Qe5 22. Qxe5 Nxe5 23. Re2 Ng4 24.
Ne4 Bxe4 25. Rxe4 Nf2 26. Rxe6+ fxe6 27. Bxe6 Nxd1 28. Kxd1 Rd8+ 29. Kc1 b6 30. g6 Rf8 31.
Bc3 Rf1+ 0-1

[Event "Early-Titled-Tuesday-Blitz-February-27-2024"]
[Site "Chess.com"]
[Date "2024.02.27"]
[Round "3"]
[White "Savagelittlemole"]
[Black "PabloZarnicki"]
[Result "0-1"]
[WhiteElo "2448"]
[BlackElo "2634"]
[TimeControl "180+1"]
[EndTime "8:27:41 PST"]
[Termination "PabloZarnicki won by resignation"]

1. e4 e6 2. d4 d5 3. Nd2 Nc6 4. Bb5 Nf6 5. e5 Nd7 6. c3 f6 7. f4 a6 8. Ba4 Be7 9. Qh5+ g6 10.
Qh3 f5 11. g4 b5 12. Bc2 Nb6 13. Ngf3 Qd7 14. gxf5 exf5 15. Nf1 Nd8 16. Ne3 Ne6 17.
Nxf5 gxf5 18. Bxf5 Qc6 19. Qh5+ Kd8 20. Rg1 Rf8 21.
Nh4 Bd7 22. Bxe6 Qxe6 23. f5 Qf7 24. Qxf7 Bxh4+ 25. Ke2 Rxf7 26. f6 Be6 27. Be3 Nc4 28.
Raf1 Nxe3 29. Kxe3 h6 30. Rg6 Kd7 31. Rfg1 Bg5+ 32.
Kf3 Bf5 33. Rg7 Rxg7 34. fxg7 Rg8 35. h4 Be4+ 36. Ke2 Bxh4 37. Rf1 Ke7 38. c4 bxc4 39. b3 c3 0-1

[Event "Early-Titled-Tuesday-Blitz-February-27-2024"]
[Site "Chess.com"]
[Date "2024.02.27"]
[Round "3"]
[White "Actuary44"]
[Black "Alexchess1984"]
[Result "1-0"]
[WhiteElo "2524"]
[BlackElo "2755"]
[TimeControl "180+1"]
[EndTime "8:27:42 PST"]
[Termination "Actuary44 won on time"]

1. e4 c5 2. d4 cxd4 3. c3 dxc3 4.
Nxc3 e6 5. f4 a6 6. Nf3 Nc6 7.
Bd3 Bc5 8. Qe2 Nge7 9. Bd2 b5 10. O-O-O Qc7 11. Kb1 Nb4 12. Rc1 Nxd3 13. Qxd3 Qa7 14. f5 exf5 15. exf5 d5 16. g4 O-O 17. f6 Ng6 18. fxg7 Kxg7 19. Nxd5 b4 20. Rxc5 Qxc5 21. Bxb4 Qc6 22. Rc1 Qe6 23. Nc7 Qxg4 24. Qc3+ Kg8 25. Bxf8 Bf5+ 26. Ka1 Rxf8 27. Nd5 f6 28. Rg1 Qe4 29.
Qc6 Qxf3 30. Ne7+ 1-0

[Event "Early-Titled-Tuesday-Blitz-February-27-2024"]
[Site "Chess.com"]
[Date "2024.02.27"]
[Round "3"]
[White "Viacheslav92"]
[Black "Kobalia"]
[Result "1/2-1/2"]
[WhiteElo "2563"]
[BlackElo "2809"]
[TimeControl "180+1"]
[EndTime "8:27:43 PST"]
[Termination "Game drawn by repetition"]

1. e4 c5 2. Nf3 e6 3. d4 cxd4 4. Nxd4 Nc6 5. Nc3 a6 6. Be2 d6 7.
Be3 Bd7 8. O-O Nf6 9. f4 Be7 10.
Nb3 b5 11. a3 O-O 12. g4 Bc8 13. g5 Nd7 14. Bd3 Bb7 15. Qh5 g6 16. Qh6 Re8 17. f5 Bf8 18. Qh3 Nde5 19. f6 d5 20. Bf4 Nxd3 21. cxd3 dxe4 22. dxe4 e5 23. Be3 Nd4 24. Rad1 Qb6 25. Nxd4 exd4 26. Bxd4 Bc5 27. Qe3 Rac8 28. Bxc5 Qxc5 29. Qxc5 Rxc5 30. h4 h6 31. Rd7 Bc8 32.
Re7 Rd8 33. Nd5 hxg5 34. hxg5 Be6 35. b4 Rc4 36. Nc7 Rxe4 37. Nxe6 Rxe6 38. Rxe6 fxe6 39.
Re1 Kf7 40. Rc1 Rd5 41. Rc7+ Kf8 42. Rc8+ Kf7 43. Rc7+ Kf8 44. Rc8+ Kf7 45. Rc7+ 1/2-1/2

[Event "Early-Titled-Tuesday-Blitz-February-27-2024"]
[Site "Chess.com"]
[Date "2024.02.27"]
[Round "3"]
[White "Chess_Gainz"]
[Black "Felix-Rose"]
[Result "0-1"]
[WhiteElo "2538"]
[BlackElo "2257"]
[TimeControl "180+1"]
[EndTime "8:27:43 PST"]
[Termination "Felix-Rose won by resignation"]

1. e4 e5 2. Nf3 Nc6 3. Bb5 a6 4.
Ba4 Nf6 5. Qe2 b5 6. Bb3 Bc5 7. a4 Rb8 8. axb5 axb5 9. O-O d6 10. d3 h6 11. h3 O-O 12. Nc3 Re8 13. Be3 Nd4 14. Bxd4 exd4 15. Nd5 c6 16. Nxf6+ Qxf6 17. Nh2 d5 18. Qh5 g6 19. Ng4 Bxg4 20. Qxg4 dxe4 21.
dxe4 h5 22. Qg3 Bd6 23. Qd3 Qe5 24. g3 Qxe4 25. Qd2 c5 26. Rfe1 Qf5 27. c3 c4 28.
Rxe8+ Rxe8 29. Bd1 d3 30. Kg2 h4 31. Bf3 hxg3 32. fxg3 Qe5 33. Qf2 b4 34. Rf1 bxc3 35.
bxc3 Qxc3 36. Bd1 f5 37. Bf3 d2 38. Bd5+ Kg7 39. Qa7+ Re7 40. Qa8 Qxg3+ 0-1

[Event "Early-Titled-Tuesday-Blitz-February-27-2024"]
[Site "Chess.com"]
[Date "2024.02.27"]
[Round "3"]
[White "Hovik_Hayrapetyan"]
[Black "Aygehovit1992"]
[Result "1-0"]
[WhiteElo "2899"]
[BlackElo "2677"]
[TimeControl "180+1"]
[EndTime "8:27:44 PST"]
[Termination "Hovik_Hayrapetyan won on time"]

1. d4 Nf6 2. c4 e6 3. Nc3 Bb4 4. e3 b6 5. Ne2 Ba6 6. a3 Bxc3+ 7. Nxc3 d5 8. b3 O-O 9. Be2 Nbd7 10. O-O c5 11. dxc5 bxc5 12. cxd5 Bxe2 13. Nxe2 exd5 14.
b4 Rb8 15. bxc5 Nxc5 16. Nd4 Qa5 17. Nc6 Qb5 18. Nxb8 Rxb8 19. Bd2 Rd8 20. Bc3 Nfe4 21. Bd4 Ne6 22. Rb1 Qa6 23. a4 f5 24. f3 Nd6 25. Qb3 Nc4 26. Qb7 Qxa4 27. Qe7 Qd7 28.
Rb7 Qxe7 29. Rxe7 Nxd4 30. exd4 a5 31. Rb1 a4 32. Rbb7 a3 33. Rxg7+ Kf8 34. Rxh7 Kg8 35.
Rbg7+ Kf8 36. Rd7 Rxd7 37. Rxd7 Ne3 38. Ra7 Nc2 39. h4 f4 40. h5 Kg8 41. h6 Kh8 42.
Kh2 Nxd4 43. Rxa3 Nf5 44. Ra5 Ne3 45. Ra4 Kh7 46. Rxf4 Kxh6 47. Kg3 Kg5 48. Rf8 d4 49. Kf2 Nd1+ 50. Ke2 Nc3+ 51. Kd3 Nd5 52. Kxd4 1-0

[Event "Early-Titled-Tuesday-Blitz-February-27-2024"]
[Site "Chess.com"]
[Date "2024.02.27"]
[Round "3"]
[White "Akylbek2021"]
[Black "MusicCityMaster"]
[Result "0-1"]
[WhiteElo "2288"]
[BlackElo "2567"]
[TimeControl "180+1"]
[EndTime "8:27:44 PST"]
[Termination "MusicCityMaster won on time"]

1. e4 e6 2. d4 d5 3. Nd2 Nc6 4. Ngf3 Nf6 5. e5 Nd7 6. Be2 f6 7.
exf6 Qxf6 8. Nf1 Bd6 9. Ne3 O-O 10. O-O Kh8 11. c4 dxc4 12. Nxc4 Nb6 13. Nxd6 cxd6 14.
Bg5 Qg6 15. Bh4 Nd5 16. Bd3 Qh5 17. Bg3 Nf4 18. Be4 e5 19. dxe5 dxe5 20. Re1 Bg4 21.
Qb3 Rab8 22. Rad1 Nd4 23. Rxd4 exd4 24. Nxd4 Rbe8 25. f3 Bc8 26. Qe3 Nd5 27. Qb3 Nf6 28.
Bxb7 Rxe1+ 29. Bxe1 Qc5 30. Bc3 Bxb7 31. Qxb7 h6 32. Kh1 Re8 33. h3 Qg5 34. Qf7 Qc1+ 35. Kh2 Qf4+ 36. g3 Ng4+ 37. hxg4 Qxf7 38. Nf5 Re2+ 39. Kh3 Qxa2 40. Nxh6 Qb3 41. Nf5 Qc2 0-1

[Event "Early-Titled-Tuesday-Blitz-February-27-2024"]
[Site "Chess.com"]
[Date "2024.02.27"]
[Round "3"]
[White "stollenmonster"]
[Black "noblerone"]
[Result "1-0"]
[WhiteElo "2877"]
[BlackElo "2519"]
[TimeControl "180+1"]
[EndTime "8:27:45 PST"]
[Termination "stollenmonster won by resignation"]

1. e4 c5 2. Nf3 e6 3. Be2 Nc6 4. c4 Nge7 5. Nc3 d6 6. d4 cxd4 7. Nxd4 Nxd4 8. Qxd4 Nc6 9. Qd1 Be7 10. O-O O-O 11. Be3 a6 12. Qd2 Qc7 13. Rac1 Ne5 14. h3 b6 15. f4 Ng6 16. f5 Ne5 17. Bd4 Bf6 18. Na4 Rb8 19. Qe3 Nd7 20. fxe6 fxe6 21. Bxf6 Nxf6 22. e5 dxe5 23. c5 b5 24. Nb6 Bb7 25.
Bg4 Nxg4 26. hxg4 Bd5 27. b4 Rbe8 28. Rxf8+ Rxf8 29. Rd1 Qc6 30. Rd2 e4 31. Qd4 Rd8 32.
Qe5 h6 33. a3 a5 34. Kh2 axb4 35. axb4 Kh8 36. Kg3 Kg8 37. Rd1 Kh8 38. g5 hxg5 39.
Qxg5 Rf8 40. Qe5 Kg8 41. Nxd5 exd5 42. Qxd5+ Qxd5 43. Rxd5 Kf7 44. Rf5+ Ke7 45. Rxf8 Kxf8 46. Kf4 1-0

[Event "Early-Titled-Tuesday-Blitz-February-27-2024"]
[Site "Chess.com"]
[Date "2024.02.27"]
[Round "3"]
[White "NewYearGirl"]
[Black "aljado"]
[Result "1-0"]
[WhiteElo "2365"]
[BlackElo "2033"]
[TimeControl "180+1"]
[EndTime "8:27:45 PST"]
[Termination "NewYearGirl won by checkmate"]

1. e4 c5 2. Nf3 e6 3. d4 cxd4 4.
Nxd4 a6 5. c4 Nf6 6. Bd3 Nc6 7.
Be3 Ne5 8. Be2 Bb4+ 9. Nd2 Nxe4 10. O-O Nxd2 11. Bxd2 Bxd2 12. Qxd2 O-O 13. f4 Ng6 14. Kh1 d5 15. cxd5 Qxd5 16. Bf3 Qd8 17. Rad1 Qb6 18. Ne2 e5 19. fxe5 Nxe5 20. Be4 Bg4 21.
Rde1 Bh5 22. Qg5 Bxe2 23. Rxe2 Ng6 24. h4 Qb5 25. Qxb5 axb5 26. h5 Ne5 27. Bxb7 Rab8 28. Rxe5 Rxb7 29. Rff5 Rfb8 30. b4 f6 31. Rc5 Kf7 32.
a3 g6 33. Rfd5 f5 34. h6 Kf6 35. g4 fxg4 36. Kg2 Ra8 37. Rc6+ Kf7 38. Rd3 Rba7 39.
Rb6 Rxa3 40. Rd7+ Kg8 41. Rg7+ Kh8 42. Rbb7 Ra2+ 43. Kg3 R8a3+ 44. Kxg4 Rg2+ 45. Kf4 Rf2+ 46. Ke4 Re2+ 47. Kd4 Rh2 48. Rb8# 1-0

[Event "Early-Titled-Tuesday-Blitz-February-27-2024"]
[Site "Chess.com"]
[Date "2024.02.27"]
[Round "3"]
[White "PavelShkapenko"]
[Black "jefferyx"]
[Result "1-0"]
[WhiteElo "2766"]
[BlackElo "3041"]
[TimeControl "180+1"]
[EndTime "8:27:46 PST"]
[Termination "PavelShkapenko won by resignation"]

1. e4 c5 2. Nc3 d6 3. g3 g6 4. Bg2 Bg7 5. d3 Nc6 6. Be3 Rb8 7. Qd2 b5 8. Nge2 b4 9. Nd1 Nf6 10. h3 O-O 11. f4 Nd7 12. O-O a5 13. a3 Nb6 14. f5 c4 15. axb4 axb4 16. Bh6 cxd3 17. cxd3 Nd7 18. Bxg7 Kxg7 19. Ne3 Nf6 20. g4 Qb6 21. Kh2 h6 22. Rad1 Nd4 23. Ng3 Ba6 24.
Nd5 Qc5 25. Nxe7 Bb7 26. g5 hxg5 27. Qxg5 Qe5 28. Kh1 Qxe7 29. Nh5+ Nxh5 30. Qxe7 Ng3+ 31. Kh2 Nxf1+ 32. Rxf1 1-0

[Event "Early-Titled-Tuesday-Blitz-February-27-2024"]
[Site "Chess.com"]
[Date "2024.02.27"]
[Round "3"]
[White "LeninGuerra"]
[Black "Janosik"]
[Result "0-1"]
[WhiteElo "2575"]
[BlackElo "2850"]
[TimeControl "180+1"]
[EndTime "8:27:46 PST"]
[Termination "Janosik won by resignation"]

1. e4 e5 2. Nf3 Nc6 3. Bb5 a6 4. Ba4 d6 5. O-O Bd7 6. c3 Nge7 7. Qe2 g6 8. Rd1 Bg7 9. d3 O-O 10. Bb3 h6 11. Nbd2 Kh8 12. Nf1 f5 13. exf5 gxf5 14. Nh4 Qe8 15. Ng3 f4 16. Ne4 Ng6 17. Qh5 Nxh4 18.
Qxh4 Qg6 19. f3 Rad8 20. Bd5 b6 21. Nf2 Ne7 22. Be4 Nf5 23. Qg4 Qf7 24. d4 Nxd4 25.
Qh4 Nf5 26. Bxf5 Bxf5 27. Ng4 Kh7 28. b3 d5 29. Ba3 c5 30. b4 cxb4 31. Bxb4 Rfe8 32.
a4 a5 33. Ba3 e4 34. Rab1 Qg6 35. Rb5 exf3 36. Rbxd5 Rxd5 37. Rxd5 Qxg4 38. Qxg4 Bxg4 0-1

[Event "Early-Titled-Tuesday-Blitz-February-27-2024"]
[Site "Chess.com"]
[Date "2024.02.27"]
[Round "3"]
[White "WilsonPalencia21"]
[Black "thebeast2900"]
[Result "1-0"]
[WhiteElo "2562"]
[BlackElo "2307"]
[TimeControl "180+1"]
[EndTime "8:27:46 PST"]
[Termination "WilsonPalencia21 won on time"]

1. d4 Nf6 2. c4 e6 3. Nf3 Bb4+ 4.
Nbd2 O-O 5. a3 Be7 6. e4 d6 7. Qc2 Nbd7 8. e5 dxe5 9. dxe5 Ng4 10. Qe4 f5 11. exf6 Ndxf6 12. Qc2 Bc5 13. Nb3 Bxf2+ 14.
Ke2 e5 15. h3 e4 16. hxg4 exf3+ 17. gxf3 Bd4 18. Nxd4 Qxd4 19. Qd3 Re8+ 20. Kd1 Qf2 21. Bd2 Bxg4 22. Kc2 Qxf3 23. Qxf3 Bxf3 24. Rh3 Bg4 25.
Rg3 Rad8 26. Bc3 Bf5+ 27. Kb3 Kf7 28. Bg2 g6 29. Rf1 1-0

[Event "Early-Titled-Tuesday-Blitz-February-27-2024"]
[Site "Chess.com"]
[Date "2024.02.27"]
[Round "3"]
[White "Roman_Ovetchkin"]
[Black "Rogarcia1"]
[Result "1-0"]
[WhiteElo "2601"]
[BlackElo "2381"]
[TimeControl "180+1"]
[EndTime "8:27:47 PST"]
[Termination "Roman_Ovetchkin won by resignation"]

1. d4 d5 2. c4 c6 3. Nf3 Nf6 4. Qc2 dxc4 5. e4 b5 6. b3 cxb3 7. axb3 e6 8. Bd2 b4 9. Bd3 a5 10. Bg5 Be7 11. Nbd2 Ba6 12. Nc4 Bb5 13. O-O h6 14. Bh4 O-O 15. Rfd1 Nbd7 16. Qe2 a4 17. bxa4 Rxa4 18. Rxa4 Bxa4 19. Rb1 Bb5 20. e5 Nd5 21. Qe4 g6 22. Qg4 Kg7 23. Bxe7 Qxe7 24. h4 h5 25. Qg3 c5 26. Bf1 Ba6 27. Nd6 Bxf1 28. Kxf1 cxd4 29. Nxd4 f5 30. Nc6 f4 31. Qh3 Qxd6 32.
exd6 Rf6 33. Nxb4 Nc3 34. Rc1 Ne4 35. Rc7 Nc5 36. Qc3 1-0

[Event "Early-Titled-Tuesday-Blitz-February-27-2024"]
[Site "Chess.com"]
[Date "2024.02.27"]
[Round "3"]
[White "only_strong_moves"]
[Black "dosto07"]
[Result "0-1"]
[WhiteElo "2645"]
[BlackElo "2480"]
[TimeControl "180+1"]
[EndTime "8:27:49 PST"]
[Termination "dosto07 won by resignation"]

1. d4 d5 2. Nc3 Nf6 3. Bf4 c6 4. e3 Bf5 5. Nf3 e6 6. Ne5 h6 7.
g4 Bh7 8. Bd3 Bxd3 9. Qxd3 Nbd7 10. Rg1 g5 11. Bg3 Bb4 12. f3 Qa5 13. Ke2 h5 14. gxh5 Nxh5 15. Be1 Nhf6 16. Rg2 Nxe5 17.
dxe5 Nd7 18. f4 gxf4 19. exf4 O-O-O 20. a3 Nc5 21. Qd4 Qa6+ 22. Kd1 Bxc3 23. Qxc3 Ne4 24. Qd3 Qb6 25. c3 Rdg8 26. Qf3 Qb3+ 27. Kc1 Nc5 28. Bg3 Qc4 29. Kc2 Qa4+ 30. Kb1 Nb3 31. Ra2 Qc4 32. Qd1 Nc5 33. b4 Ne4 34. Qc2 Nxc3+ 35. Ka1 Nxa2 36. Qxa2 Qf1+ 0-1

[Event "Early-Titled-Tuesday-Blitz-February-27-2024"]
[Site "Chess.com"]
[Date "2024.02.27"]
[Round "3"]
[White "NastyaHn"]
[Black "edgarhay012"]
[Result "0-1"]
[WhiteElo "2454"]
[BlackElo "2642"]
[TimeControl "180+1"]
[EndTime "8:27:49 PST"]
[Termination "edgarhay012 won by resignation"]

1. Nc3 d5 2. e4 d4 3. Nce2 e5 4. Nf3 Nc6 5. Ng3 Nf6 6. Bc4 Bc5 7. d3 h6 8. a4 Qe7 9. Nh4 g6 10. Qe2 Bd7 11. Bd2 O-O-O 12. O-O-O Ne8 13. Nf3 Nd6 14. Bb3 Be6 15. Kb1 Bb6 16. Rc1 Kb8 17. Be1 Rhe8 18. Nd2 f5 19. Nc4 Nxc4 20. Bxc4 Bxc4 21. dxc4 f4 22.
Nf1 Nb4 23. Bxb4 Qxb4 24. Qd3 Ba5 25. b3 Qa3 26. b4 Qxb4+ 27. Qb3 Qf8 28. Ka2 Rd6 29.
h3 Rb6 30. Qa3 Qf7 31. Qd3 Qd7 32. Qa3 Qc6 33. c5 Ra6 34. Nh2 Bb4 35. Qxb4 Rxa4+ 36. Qa3 Rxa3+ 37. Kxa3 Qxc5+ 38. Kb2 Re6 39. Rb1 d3 40.
cxd3 Rb6+ 0-1

[Event "Early-Titled-Tuesday-Blitz-February-27-2024"]
[Site "Chess.com"]
[Date "2024.02.27"]
[Round "3"]
[White "rezamahdavi2008"]
[Black "blitzking1729"]
[Result "0-1"]
[WhiteElo "2884"]
[BlackElo "2695"]
[TimeControl "180+1"]
[EndTime "8:27:51 PST"]
[Termination "blitzking1729 won by resignation"]

1. d4 d5 2. Nf3 Nf6 3. c4 e6 4.
Nc3 Nbd7 5. cxd5 exd5 6. Bg5 c6 7.
e3 h6 8. Bh4 Be7 9. Qc2 O-O 10.
Bd3 Re8 11. O-O Ne4 12. Bxe4 Bxh4 13. Bh7+ Kh8 14. Nxh4 Qxh4 15. Bd3 Qe7 16. Ne2 Nf6 17. Ng3 g6 18. Rab1 a5 19. Rbe1 Kg7 20. f3 h5 21.
Rf2 h4 22. Nf1 Be6 23. h3 Nh5 24. Qc3 Qb4 25. a3 Qxc3 26. bxc3 a4 27. Nd2 b5 28. e4 Nf4 29. Bf1 g5 30. Be2 f6 31.
Nf1 Bf7 32. Ne3 dxe4 33. Nf5+ Kf8 34. Bf1 exf3 35. Rxe8+ Rxe8 36. Rxf3 Bd5 37. Re3 Rxe3 38. Nxe3 Ke7 39. Kf2 Be6 40. Be2 Kd6 41. Bf3 c5 42.
Be4 cxd4 43. cxd4 Bb3 44. Nf5+ Kd7 45. Ne3 b4 46. axb4 a3 47. Nc2 Bxc2 0-1

[Event "Early-Titled-Tuesday-Blitz-February-27-2024"]
[Site "Chess.com"]
[Date "2024.02.27"]
[Round "3"]
[White "PawnEatingZombie"]
[Black "whitemirrorninja"]
[Result "0-1"]
[WhiteElo "2152"]
[BlackElo "2450"]
[TimeControl "180+1"]
[EndTime "8:27:51 PST"]
[Termination "whitemirrorninja won on time"]

1. e4 c5 2. c3 d6 3. d4 Nf6 4.
dxc5 Nc6 5. Bd3 dxc5 6. Nf3 g6 7. O-O Bg7 8. h3 O-O 9. Qe2 Qc7 10. a4 Nh5 11.
Na3 b6 12. Bc4 Ne5 13. Nxe5 Bxe5 14. Bh6 Bg7 15. Qe3 Bxh6 16. Qxh6 Bb7 17. Rfe1 Qf4 18. Qxf4 Nxf4 19. f3 Bc6 20. Nc2 Rfd8 21. b3 Rd2 22. Ne3 Rad8 23. Rad1 h5 24. Rxd2 Rxd2 25. Rd1 Rxd1+ 26.
Nxd1 h4 27. Ne3 e6 28. Kf2 g5 29. Ng4 Kg7 30. Bf1 f6 31. Ke3 Be8 32. Kf2 a5 33. Ne3 Bf7 34. Nc4 e5 35. Nxb6 Bxb3 0-1

[Event "Early-Titled-Tuesday-Blitz-February-27-2024"]
[Site "Chess.com"]
[Date "2024.02.27"]
[Round "3"]
[White "ChadBiryani"]
[Black "JiiHart"]
[Result "1-0"]
[WhiteElo "2409"]
[BlackElo "2152"]
[TimeControl "180+1"]
[EndTime "8:27:51 PST"]
[Termination "ChadBiryani won by resignation"]

1. e4 c5 2. d4 cxd4 3. Nf3 Nc6 4.
Nxd4 Nf6 5. Nc3 d6 6. Be3 e5 7. Ndb5 a6 8. Na3 Rb8 9. f3 Be6 10. Be2 b5 11. Nd5 Bxd5 12. exd5 Nb4 13. c4 bxc4 14. Bxc4 Be7 15. O-O O-O 16. Nc2 Nxc2 17. Qxc2 Qa5 18. Rfd1 Rfc8 19. b3 Nxd5 20. Bf2 Nf6 21.
Qe2 d5 22. Bxa6 Rc6 23. Bd3 e4 24. fxe4 dxe4 25. Bc4 h5 26. h3 Qe5 27. Bd4 Qf4 28. Rf1 Qg3 29. Bf2 Qe5 30. Rad1 Bd6 31. g3 h4 32. Kg2 hxg3 33. Bd4 Qg5 34. Bxf6 gxf6 35.
Rd5 Be5 36. Rd7 Rf8 37. Qxe4 Qd2+ 38. Rxd2 1-0

[Event "Early-Titled-Tuesday-Blitz-February-27-2024"]
[Site "Chess.com"]
[Date "2024.02.27"]
[Round "3"]
[White "Iunusovnuriddin"]
[Black "HittingRookBottom"]
[Result "1-0"]
[WhiteElo "2353"]
[BlackElo "2000"]
[TimeControl "180+1"]
[EndTime "8:27:51 PST"]
[Termination "Iunusovnuriddin won by checkmate"]

1. e4 c6 2. Nc3 d5 3. Nf3 dxe4 4. Nxe4 Nf6 5. Qe2 Bf5 6. Nxf6+ gxf6 7. d3 Nd7 8. g3 Qb6 9. Bg2 O-O-O 10. Be3 Qa6 11. O-O h5 12. b4 e6 13. Nd4 Bg6 14. b5 cxb5 15. Rfb1 b4 16. a3 e5 17. axb4 Qd6 18.
Nb5 Qe6 19. Rxa7 e4 20. Ra8+ Nb8 21. Bf4 Bd6 22. Nxd6+ Rxd6 23. Bh3 f5 24. Bxd6 Qxd6 25. Qxe4 Kc7 26. Qc4+ Qc6 27. Qxc6+ bxc6 28. Rba1 Rc8 29. Bg2 Kb7 30. R1a7+ Kb6 31. c4 f6 32. d4 Bf7 33.
c5+ Kb5 34. Rb7+ Kc4 35. Raxb8 Rxb8 36. Rxb8 Kxd4 37. Bxc6 Bc4 38. Bg2 Be2 39. c6 Ba6 40.
c7 Kc4 41. Bb7 Bb5 42. c8=Q+ Kxb4 43. Ba6 Kb3 44. Rxb5+ Ka2 45. Qc2+ Ka1 46. Qb1# 1-0

[Event "Early-Titled-Tuesday-Blitz-February-27-2024"]
[Site "Chess.com"]
[Date "2024.02.27"]
[Round "3"]
[White "wqws"]
[Black "Seochesspie"]
[Result "1-0"]
[WhiteElo "2685"]
[BlackElo "2853"]
[TimeControl "180+1"]
[EndTime "8:27:52 PST"]
[Termination "wqws won by resignation"]

1. e4 c6 2. d4 d5 3. e5 Bf5 4.
h4 a6 5. c4 e6 6. Nc3 h5 7.
cxd5 cxd5 8. Bd3 Bxd3 9. Qxd3 Nc6 10. Bg5 Qb6 11. Nge2 Nge7 12. O-O Nf5 13. Rfd1 g6 14. Bf6 Bg7 15. Bxg7 Nxg7 16. Nf4 Nf5 17. Ncxd5 exd5 18. Nxd5 Qd8 19. Qe4 Qxh4 20. Qxh4 Nxh4 21. Nc7+ Kd7 22. Nxa8 Rxa8 23. f4 Nf5 24. d5 Nce7 25. Rac1 Ne3 26. d6 Nc6 27. Rd3 Nf5 28. Rb3 b5 29. Rbc3 Nfd4 30. Kf2 Rc8 31. Ke3 Ne6 32. Ke4 b4 33. Rc4 a5 34. g3 Ned8 35. Kd5 a4 36.
Rc5 b3 37. a3 Na7 38. Rc7+ 1-0

[Event "Early-Titled-Tuesday-Blitz-February-27-2024"]
[Site "Chess.com"]
[Date "2024.02.27"]
[Round "3"]
[White "Grischuk"]
[Black "BursaBBSatranc"]
[Result "1-0"]
[WhiteElo "3045"]
[BlackElo "2632"]
[TimeControl "180+1"]
[EndTime "8:27:52 PST"]
[Termination "Grischuk won on time"]

1. d4 d5 2. Nf3 Nf6 3. Bg5 Ne4 4. Bh4 c6 5. e3 Qb6 6. Qc1 Bf5 7.
c4 e6 8. Nbd2 Nd7 9. a3 a5 10.
Nxe4 Bxe4 11. Nd2 Bg6 12. Be2 Qc7 13. O-O Be7 14. Bxe7 Kxe7 15. b4 Rhc8 16. Qc3 Kf8 17. Rfc1 Qd8 18. Nb3 axb4 19. axb4 Rxa1 20. Rxa1 Ra8 21.
Na5 Qc8 22. c5 f6 23. h3 Be8 24. Ra3 Nb8 25. Qc2 Bg6 26. Qb2 Na6 27. b5 Nb8 28. b6 Nd7 29. Nb3 Rxa3 30. Qxa3 e5 31. Qa7 exd4 32. exd4 Qe8 33. Qxb7 Qxe2 34. Qxd7 Qe1+ 35.
Kh2 Qxf2 36. Qd6+ Kf7 37. Qc7+ Kf8 38. b7 1-0

[Event "Early-Titled-Tuesday-Blitz-February-27-2024"]
[Site "Chess.com"]
[Date "2024.02.27"]
[Round "3"]
[White "LangesNasenhaar"]
[Black "1mbl4"]
[Result "0-1"]
[WhiteElo "2405"]
[BlackElo "2603"]
[TimeControl "180+1"]
[EndTime "8:27:53 PST"]
[Termination "1mbl4 won by resignation"]

1. d4 Nf6 2. Bg5 g6 3. Bxf6 exf6 4. c4 Bg7 5. e3 f5 6. g3 d6 7. Bg2 c6 8. Ne2 Nd7 9. Nbc3 Nf6 10. Qc2 O-O 11.
b4 Bd7 12. O-O Rc8 13. c5 d5 14. a4 Ne4 15. b5 Re8 16. Rab1 b6 17. Nxe4 fxe4 18. cxb6 Qxb6 19. bxc6 Qxc6 20. Qxc6 Bxc6 21. a5 Bf8 22. Rfc1 Ba8 23. Rxc8 Rxc8 24. Bh3 f5 25.
Nf4 Kf7 26. Bf1 Bd6 27. Ba6 Rc7 28. h4 h6 29. h5 g5 30. Ng6 Kf6 31. Kg2 Rf7 32. Rc1 Rc7 33. Rb1 Rc2 34. Bb7 Bxb7 35. Rxb7 f4 36. gxf4 gxf4 37. exf4 e3 38. Kf3 e2 39. Rb1 Bb4 40. Ne5 e1=Q 41. Rxe1 Bxe1 42. Nd3 Bxa5 0-1

[Event "Early-Titled-Tuesday-Blitz-February-27-2024"]
[Site "Chess.com"]
[Date "2024.02.27"]
[Round "3"]
[White "Lovetov"]
[Black "Klavdia_Nik"]
[Result "1-0"]
[WhiteElo "2540"]
[BlackElo "2133"]
[TimeControl "180+1"]
[EndTime "8:27:53 PST"]
[Termination "Lovetov won on time"]

1. Nf3 Nf6 2. c4 b6 3. g3 Bb7 4. Bg2 c5 5. O-O g6 6. Nc3 Bg7 7. Re1 Ne4 8. Qc2 Nxc3 9. dxc3 O-O 10. e4 d6 11. Bf4 Nc6 12. Rad1 Qc8 13. h4 a6 14. a4 Na5 15. b3 Bc6 16. h5 b5 17.
cxb5 axb5 18. b4 Nc4 19. a5 Qb7 20. h6 Bh8 21. Nd2 Ne5 22. Nb3 cxb4 23. cxb4 Nc4 24. Bg5 Rfe8 25. Nd4 Bxd4 26. Rxd4 f6 27. Bc1 Bd7 28.
e5 Bc6 29. Bxc6 Qxc6 30. exf6 exf6 31. Rde4 d5 32. Rxe8+ Rxe8 33. Rxe8+ Qxe8 34. Kf1 Kf7 35. Qd3 Qe5 36. Bf4 Qe4 37. Qxe4 dxe4 38. Bc7 1-0

[Event "Early-Titled-Tuesday-Blitz-February-27-2024"]
[Site "Chess.com"]
[Date "2024.02.27"]
[Round "3"]
[White "FairChess_on_YouTube"]
[Black "Evgeny81"]
[Result "1-0"]
[WhiteElo "3110"]
[BlackElo "2763"]
[TimeControl "180+1"]
[EndTime "8:27:54 PST"]
[Termination "FairChess_on_YouTube won by resignation"]

1. Nf3 d5 2. c4 c6 3. e3 Nf6 4.
Nc3 g6 5. d4 Bg7 6. Be2 O-O 7.
O-O a6 8. h3 b5 9. b3 Bf5 10.
Ba3 Re8 11. Rc1 Qa5 12. Bc5 Nbd7 13. b4 Qd8 14. cxd5 cxd5 15. Ne5 Nxe5 16. dxe5 Nd7 17. f4 Nxc5 18. bxc5 Qa5 19. Nxd5 Rad8 20. c6 Qxa2 21. Bf3 e6 22. c7 exd5 23. cxd8=Q Rxd8 24. Ra1 Qc4 25. Rxa6 Bf8 26. Be2 Qb4 27. Qd4 Qxd4 28. exd4 b4 29. Rb6 Rc8 30. Bf3 Rc4 31. Rd1 Bc2 32.
Bxd5 Rc3 33. Ra1 b3 34. Ra7 b2 35. Rxb2 1-0

[Event "Early-Titled-Tuesday-Blitz-February-27-2024"]
[Site "Chess.com"]
[Date "2024.02.27"]
[Round "3"]
[White "biostatistician"]
[Black "sokidze"]
[Result "1-0"]
[WhiteElo "2567"]
[BlackElo "2785"]
[TimeControl "180+1"]
[EndTime "8:27:54 PST"]
[Termination "biostatistician won on time"]

1. d4 Nf6 2. Nf3 d5 3. c4 e6 4.
Bg5 dxc4 5. Qa4+ Nbd7 6. e4 a6 7. e5 b5 8. Qc2 h6 9. Bh4 g5 10.
Nxg5 hxg5 11. Bxg5 Bh6 12. Bxh6 Rxh6 13. exf6 Bb7 14. Nc3 Qxf6 15. O-O-O Nb6 16. Kb1 O-O-O 17. f3 Rh4 18. Ne2 Nd5 19. Qd2 Rdh8 20. h3 Qg6+ 21. Ka1 b4 22. g3 R4h7 23. Bg2 Rd8 24. f4 f6 25. Rc1 Kb8 26. Bxd5 Rxd5 27. Rxc4 Rdd7 28.
Rxb4 a5 29. Rb5 Qe4 30. Rc1 Rxh3 31. Nc3 Qxd4 32. Qc2 Rxg3 33. Qb3 1-0